 Dungeon Crawl Stone Soup version 0.15-a0-2246-gfd41422 (webtiles) character file.

197327 PolkaDot the Imperceptible (level 17, -3/120 HPs)
             Began as a Vampire Enchanter on July 25, 2014.
             Was an Initiate of Gozag.
             Shot with an arrow by a naga sharpshooter (11 damage)
             ... on Level 5 of the Snake Pit on July 26, 2014.
             The game lasted 03:36:26 (33423 turns).

PolkaDot the Imperceptible (Vampire Enchanter)     Turns: 33423, Time: 03:36:28

HP  -3/120       AC 16     Str  7      XL: 17   Next: 77%
MP  30/30        EV 16     Int 22      God: Gozag
Gold 5769        SH  0     Dex 17      Spells: 10 memorised,  2 levels left

rFire  . . .     SeeInvis +     b - +9 cutlass (vamp)
rCold  + + +     Clarity  +     R - +0 troll leather armour {rC+}
rNeg   + + +     rCorr    .     (no shield)
rPois  +         rRot     +     o - +2 helmet
rElec  .         Spirit   .     Q - +2 cloak of Pessimism {Slay+5}
SustAb .         Warding  .     V - +1 pair of gloves "Geohaev" {Dex+3 Slay+6}
rMut   .         Stasis   .     W - +2 pair of boots
Gourm  .                        U - amulet of clarity
MR     +....                    Z - +3 ring of slaying
                                m - ring of stealth

@: bloodless, non-regenerating, somewhat resistant to hostile enchantments,
uncannily stealthy
A: bottle blood, fangs 3, see invisible, unbreathing
a: Bat Form, Bottle Blood, Potion Petition, Call Merchant, Bribe Branch,
Renounce Religion
}: 1/15 runes: decaying


You were on level 5 of the Snake Pit.
You worshipped Gozag.
Gozag was noncommittal.
You were bloodless.

You visited 4 branches of the dungeon, and saw 33 of its levels.
You also visited: Ossuary and Ice Cave.

You collected 9907 gold pieces.
You spent 2559 gold pieces at shops.
You paid 1579 gold pieces to Gozag.

Inventory:

Hand weapons
 a - a cursed +3 dagger of speed
 b - a +9 vampiric cutlass (weapon)
 J - a +2 quick blade of freezing
 T - a +1 cutlass of electrocution
Missiles
 j - 8 throwing nets (quivered)
Armour
 o - a +2 helmet (worn)
 Q - the +2 cloak of Pessimism (worn) {Slay+5}
   (You acquired it on level 12 of the Dungeon)

   It affects your accuracy and damage with ranged weapons and melee attacks
   (+5).
 R - a +0 troll leather armour of cold resistance (worn)
 V - the +1 pair of gloves "Geohaev" (worn) {Dex+3 Slay+6}
   (You found it on level 2 of the Swamp)

   It affects your dexterity (+3).
   It affects your accuracy and damage with ranged weapons and melee attacks
   (+6).
 W - a +2 pair of boots (worn)
Magical devices
 c - a wand of draining (6) {unknown}
 d - a wand of cold (6)
 e - a wand of disintegration (10)
 p - a wand of paralysis (13)
 t - a wand of polymorph (6)
 u - a wand of teleportation (3)
 I - a wand of digging (6)
 L - a wand of heal wounds (4)
 N - a wand of fireball (1)
 S - a wand of invisibility (2)
Scrolls
 h - 6 scrolls of recharging
 q - 7 scrolls of immolation
 r - 10 scrolls of remove curse
 s - 10 scrolls of teleportation
 w - 5 scrolls of enchant armour
 x - 2 scrolls of vulnerability
 y - 6 scrolls of fear
 A - a scroll of magic mapping
 D - a scroll of summoning
 E - a scroll of enchant weapon
 F - 2 scrolls of torment
 G - 2 scrolls of blinking
 K - 5 scrolls of fog
 M - 8 scrolls of identify
 X - 2 scrolls of brand weapon
Jewellery
 i - an uncursed ring of sustain abilities
 k - an uncursed amulet of faith {unknown}
 l - an uncursed amulet of resist mutation
 m - a ring of stealth (left hand)
 O - an uncursed ring of invisibility
 U - an amulet of clarity (around neck)
 Z - a +3 ring of slaying (right hand)
Potions
 f - 8 potions of curing
 g - 3 potions of haste
 n - 3 potions of restore abilities
 v - 9 potions of brilliance
 B - a potion of might
 C - a potion of resistance
 H - 3 potions of heal wounds
 Y - a potion of cure mutation {!q}
Books
 z - a book of Wizardry

   Spells                             Type                      Level
   Agony                              Necromancy                   5
   Force Lance                        Conjuration                  5
   Dispersal                          Translocation                6
   Haste                              Charms                       6
   *Invisibility                      Hexes                        6
   Spellforged Servitor               Conjuration/Summoning        7
 P - a book of Callings

   Spells                             Type                      Level
   Summon Small Mammal                Summoning                    1
   Call Imp                           Summoning                    2
   Call Canine Familiar               Summoning                    3
   Summon Guardian Golem              Hexes/Summoning              4
   Summon Lightning Spire             Summoning/Air                4
   Summon Ice Beast                   Ice/Summoning                4


   Skills:
 - Level 7.5 Fighting
 - Level 14.6 Short Blades
 - Level 4.0 Armour
 - Level 8.3 Dodging
 + Level 22.5 Stealth
 - Level 6.4 Spellcasting
 + Level 22.1 Hexes
 * Level 11.7 Charms
 - Level 1.1 Ice Magic


You had 2 spell levels left.
You knew the following spells:

 Your Spells              Type           Power        Failure   Level  Hunger
a - Corona                Hex            #######      0%          1    None
b - Sure Blade            Hex/Chrm       ######....   0%          2    None
c - Confuse               Hex            #######.     0%          3    #......
d - Ensorcelled Hibernat  Hex/Ice        ######       1%          2    None
e - Enslavement           Hex            #######.     0%          4    ###....
i - Invisibility          Hex            #######.     1%          6    ######.
q - Blink                 Tloc           N/A          14%         2    None
s - Dazzling Spray        Conj/Hex       ######..     1%          3    #......
A - Apportation           Tloc           #.........   10%         1    None
D - Repel Missiles        Chrm/Air       ####..       1%          2    None


Dungeon Overview and Level Annotations

Branches:
Dungeon (15/15) Orc (0/4) D:12 Lair (8/8) D:10 Swamp (5/5) Lair:5 Snake (5/5) Lair:6 Slime (0/6) Lair:7 Vaults (0/5) D:12 D:13 Depths (0/5) D:15 Temple: D:4-7

Altars:
Ashenzari
Cheibriados
Elyvilon
Gozag
Qazlal
Trog
Xom
Yredelemnul
The Shining One

Shops:
D:4 *   D:6 [   D:7 [   D:11 ***   D:14 *   Snake:2 ?   Vaults:1 *   Vaults:2 :

Annotations:
D:13 Donald
Swamp:1 exclusion: Roxanne, Roxanne


Innate Abilities, Weirdness & Mutations

You do not heal naturally.
You can bottle blood from corpses.
You have razor-sharp teeth.
You have supernaturally acute eyesight.
You can survive without breathing.


Message History

The naga barely misses you.
The naga sharpshooter mumbles some strange words.
Magically, the naga sharpshooter shoots a bolt.
The bolt hits you! The bolt burns you.
Read which item? (? for menu, Esc to quit)
As you read the scroll of fog, it crumbles to dust.
The scroll dissolves into smoke.
The anaconda closely misses you.
The anaconda bites you but does no damage.
The guardian serpent hits you!!
* * * LOW HITPOINT WARNING * * *
The naga hits you with a hand axe!
* * * LOW HITPOINT WARNING * * *
The naga closely misses you. The naga warrior spits poison at you.
The splash of poison hits you! You resist.
The naga sharpshooter casts a spell.
Magically, the naga sharpshooter shoots an arrow.
The arrow hits you!
You die...
Your body crumbles into a pile of gold.

... .........
...........
#.....NN...#
##.........N#
##...........##
.....N.N§.....#
......N§NS.....#
#S@N§....#
#NN§§...##
#...N§)...#
#.....N....#
###.....#..#
##...#NN.#
###.#...# #.#..
# #....#


You could see 2 naga warriors, 3 naga sharpshooters, an anaconda, a guardian
serpent, a naga mage and 4 nagas.

Vanquished Creatures
  Norris (D:12)
  A bone dragon (Swamp:5)
  Nikola (Swamp:1)
  A tentacled monstrosity (Swamp:4)
  Rupert (D:13)
  A greater naga (Snake:4)
  Aizul (Snake:1)
  Gastronok (D:8)
  A dire elephant (D:15)
  Snorg (Snake:1)
  12 hydras
  2 centaur warriors
  2 shambling mangroves
  4 naga warriors (Snake:4)
  3 alligators
  4 anacondas
  3 naga sharpshooters
  The ghost of WhatIsLove the Geomancer, an experienced FoEE of Vehumet (D:9)
  4 shock serpents
  6 death yaks (Lair:5)
  Nergalle (Lair:6)
  2 ice devils (IceCv)
  2 salamander mystics (Snake:4)
  A sea snake (Snake:1)
  5 swamp dragons
  4 ice statues
  An orc knight (D:15)
  A silver statue (Swamp:4)
  2 spectral hydras (Swamp:5)
  4 cyclopes
  A death drake (Swamp:5)
  2 naga ritualists
  10 oklob plants
  8 hill giants
  4 mana vipers
  A wolf spider (D:15)
  2 griffons
  8 salamanders
  4 red wasps
  4 elephants (Lair:8)
  2 manticores
  A centaur zombie (D:11)
  2 phantasmal warriors (Swamp:5)
  Joseph (D:8)
  9 naga magi
  17 black mambas
  36 spiny frogs
  2 torpor snails
  2 gargoyles
  A yaktaur (D:15)
  3 swamp worm zombies (Swamp:5)
  A kobold demonologist (D:14)
  9 komodo dragons
  A tengu conjurer (D:15)
  A freezing wraith (D:15)
  4 blue devils (IceCv)
  A merfolk (D:9)
  A fire vortex (D:14)
  4 hydra zombies
  Sonja (D:15)
  8 trolls
  A hydra skeleton (D:9)
  Prince Ribbit (D:7)
  5 two-headed ogres
  24 slime creatures
  11 bog bodies
  4 basilisks
  A raiju (shapeshifter) (D:13)
  4 alligator zombies (Swamp:5)
  10 ravens
  13 blink frogs
  A griffon zombie (D:11)
  7 giant leeches
  3 spectral swamp dragons (Swamp:5)
  2 spriggans
  A trapdoor spider (D:14)
  6 wyverns
  2 shadows (Swamp:3)
  A deep elf mage (D:14)
  4 fire bats (D:14)
  Eustachio (D:6)
  13 ugly things
  26 yaks
  A hog (shapeshifter) (D:15)
  15 humans
  A mottled dragon (D:14)
  32 water moccasins
  13 wolves
  2 hogs (D:9)
  14 vampire mosquitoes
  A hungry ghost (D:10)
  38 swamp worms
  A warg (D:15)
  Edmund (D:8)
  8 hippogriffs
  Menkaure (D:6)
  19 nagas
  A hell hound (D:14)
  2 necrophages (D:11)
  A yellow wasp (Swamp:2)
  15 orc warriors
  6 black bears
  6 ice beasts
  4 porcupines
  4 sky beasts
  5 swamp dragon zombies (Swamp:5)
  8 swamp drakes
  A manticore skeleton (D:12)
  18 centaurs
  6 ogres
  4 phantoms (Swamp:5)
  2 boring beetles
  20 crocodiles
  Duvessa (D:6)
  2 elf zombies (Ossuary)
  3 big kobolds
  A yaktaur zombie (D:15)
  26 insubstantial wisps
  A cyclops zombie (D:11)
  35 giant frogs
  4 gnoll sergeants (D:9)
  A cyclops skeleton (D:15)
  3 scorpions
  A tengu zombie (D:11)
  2 yak zombies (D:11)
  An eye of draining (shapeshifter) (D:12)
  A troll skeleton (D:12)
  7 killer bees
  A yak skeleton (D:10)
  11 electric eels
  10 wights
  A giant frog zombie (D:6)
  2 lava snakes (D:14)
  5 crimson imps
  Dowan (D:6)
  6 jellies
  8 hounds
  3 gnoll shamans (D:9)
  3 human zombies (Ossuary)
  10 orc priests
  An elf skeleton (D:12)
  A kobold skeleton (D:11)
  25 orc wizards
  6 iguanas
  2 spectral swamp drakes (Swamp:5)
  10 worker ants
  27 sheep
  2 sky beast zombies (D:7)
  Jessica (D:2)
  4 big kobold zombies (Ossuary)
  A hound skeleton (D:5)
  A hound zombie (D:6)
  6 mummies
  18 adders
  5 gnolls
  A swamp drake zombie (Swamp:5)
  3 worker ant zombies
  34 green rats
  7 shadow imps
  8 white imps (IceCv)
  2 giant mites
  2 worms
  7 ufetubi (IceCv)
  4 adder zombies (Ossuary)
  An iguana zombie (D:11)
  3 orc skeletons
  6 giant geckos
  2 oozes
  95 orcs
  8 giant cockroaches
  15 hobgoblins
  14 jackals
  24 kobolds
  8 quokkas
  16 bats
  6 giant newts
  17 goblins
  2 goblin zombies (Ossuary)
  A hobgoblin zombie (Ossuary)
  5 jackal zombies (Ossuary)
  8 kobold zombies (Ossuary)
  An orc zombie (Ossuary)
  5 quokka zombies (Ossuary)
  13 rats
  2 ballistomycetes
  A briar patch (Swamp:5)
  4 plants
1201 creatures vanquished.

Vanquished Creatures (collateral kills)
  2 giant leeches (Lair:8)
  5 blink frogs (Lair:8)
  A raven (D:15)
  A deep elf mage (D:14)
  A wraith (D:10)
  2 vampire mosquitoes (Lair:8)
  A swamp dragon zombie (Swamp:5)
  A giant frog (Lair:8)
  3 insubstantial wisps (Swamp:5)
  3 killer bees (D:10)
  An electric eel (Lair:8)
  3 sheep (Lair:8)
  2 green rats (Lair:8)
  An ufetubus (IceCv)
  2 giant spores
  A quokka (D:10)
30 creatures vanquished.

Vanquished Creatures (others)
  2 fire vortices (D:14)
  A naga (Snake:5)
  An ufetubus (IceCv)
  An orc (D:11)
  A ballistomycete (D:10)
  A briar patch (Swamp:5)
  A bush (Lair:8)
  7 fungi
  11 plants
26 creatures vanquished.

Grand Total: 1257 creatures vanquished

Notes
Turn   | Place    | Note
--------------------------------------------------------------
     0 | D:1      | PolkaDot, the Vampire Enchanter, began the quest for the Orb.
     0 | D:1      | Reached XP level 1. HP: 13/13 MP: 3/3
   420 | D:1      | Reached XP level 2. HP: 8/19 MP: 1/4
   731 | D:1      | Learned a level 2 spell: Ensorcelled Hibernation
  1030 | D:2      | Reached skill level 1 in Ice Magic
  1030 | D:2      | Reached XP level 3. HP: 24/24 MP: 6/6
  1205 | D:2      | Noticed Jessica
  1280 | D:2      | Killed Jessica
  1297 | D:2      | Reached skill level 5 in Hexes
  1546 | D:2      | Reached XP level 4. HP: 27/30 MP: 1/7
  1783 | D:2      | Reached skill level 5 in Stealth
  1788 | D:2      | Learned a level 3 spell: Confuse
  2080 | D:3      | Reached skill level 6 in Hexes
  2104 | D:3      | Reached XP level 5. HP: 12/35 MP: 1/9
  2943 | D:4      | Reached skill level 7 in Hexes
  2955 | D:4      | Found a sand-covered staircase.
  3033 | Ossuary  | Entered an ossuary
  3405 | Ossuary  | Reached XP level 6. HP: 37/41 MP: 4/10
  3719 | Ossuary  | Reached skill level 8 in Hexes
  4274 | Ossuary  | Reached XP level 7. HP: 20/46 MP: 12/12
  4384 | Ossuary  | Reached skill level 9 in Hexes
  4695 | D:4      | Noticed an ogre
  4704 | D:4      | Killed an ogre
  4811 | D:4      | Found an opulent altar of Gozag.
  4812 | D:4      | Found Gozag's Platinum Reserve.
  4843 | D:4      | Became a worshipper of Gozag Ym Sagoz the Greedy
  4890 | D:4      | Learned a level 4 spell: Enslavement
  5086 | D:5      | Entered Level 5 of the Dungeon
  5398 | D:5      | Reached skill level 10 in Hexes
  5678 | D:5      | Found a glowing golden altar of the Shining One.
  5839 | D:6      | Noticed Duvessa
  5840 | D:6      | Noticed Dowan
  6242 | D:6      | Noticed Eustachio
  6245 | D:6      | Killed Eustachio
  6245 | D:6      | Reached XP level 8. HP: 24/52 MP: 6/13
  6334 | D:6      | Reached skill level 11 in Hexes
  6372 | D:6      | Noticed Menkaure
  6378 | D:6      | Killed Menkaure
  6541 | D:6      | Killed Dowan
  6541 | D:6      | Reached skill level 10 in Stealth
  6580 | D:6      | Killed Duvessa
  6667 | D:6      | Found Haycyangy's Antique Armour Shoppe.
  6670 | D:6      | Bought a pair of dazzling boots for 199 gold pieces
  6677 | D:6      | Identified the +2 pair of boots of Skyz {Str-4} (You bought it in a shop on level 6 of the Dungeon)
  6685 | D:6      | Bought a glowing robe for 14 gold pieces
  6685 | D:6      | Bought a runed robe for 14 gold pieces
  6783 | D:6      | Found a white marble altar of Elyvilon.
  6784 | D:6      | Found a basalt altar of Yredelemnul.
  6997 | D:7      | Found a shattered altar of Ashenzari.
  7013 | D:7      | Reached skill level 12 in Hexes
  7244 | D:7      | Noticed Prince Ribbit
  7248 | D:7      | Killed Prince Ribbit
  7260 | D:7      | Reached skill level 13 in Hexes
  7265 | D:7      | Reached XP level 9. HP: 57/57 MP: 11/14
  7296 | D:7      | Learned a level 2 spell: Sure Blade
  7374 | D:7      | Found Mupan's Armour Shoppe.
  7496 | D:7      | Noticed a hill giant
  7513 | D:7      | Killed a hill giant
  7642 | D:7      | Reached skill level 5 in Short Blades
  8142 | D:6      | Bought a glowing cloak for 94 gold pieces
  8200 | D:8      | Noticed Edmund
  8232 | D:8      | Killed Edmund
  8296 | D:8      | Noticed Gastronok
  8427 | D:8      | Found a stormy altar of Qazlal.
  8433 | D:8      | Noticed Joseph
  8436 | D:8      | Killed Joseph
  8436 | D:8      | Reached skill level 14 in Hexes
  8516 | D:8      | Killed Gastronok
  8516 | D:8      | Reached XP level 10. HP: 24/63 MP: 9/16
  9424 | D:9      | Noticed WhatIsLove's ghost (experienced FoEE)
  9503 | D:9      | Reached skill level 15 in Hexes
  9634 | D:9      | Reached skill level 10 in Short Blades
  9651 | D:9      | Killed WhatIsLove's ghost
  9651 | D:9      | Reached XP level 11. HP: 68/68 MP: 4/17
 10226 | D:9      | Found a white marble altar of Elyvilon.
 10641 | D:10     | Entered Level 10 of the Dungeon
 11023 | D:10     | Reached skill level 15 in Stealth
 11248 | D:10     | Found a staircase to the Lair.
 11439 | D:10     | Noticed a hill giant
 11460 | D:10     | Killed a hill giant
 11486 | D:10     | Reached skill level 16 in Hexes
 12334 | D:7      | Bought a +2 robe of magic resistance for 194 gold pieces
 12565 | D:10     | Noticed a hill giant
 12572 | D:10     | Killed a hill giant
 12757 | Lair:1   | Entered Level 1 of the Lair of Beasts
 13084 | Lair:1   | Reached XP level 12. HP: 74/74 MP: 18/18
 15871 | Lair:5   | Upgraded the game from 0.15-a0-2232-g756d4b8 to 0.15-a0-2246-gfd41422
 15918 | Lair:5   | Reached skill level 17 in Hexes
 15986 | Lair:5   | Found a bloodstained altar of Trog.
 16052 | Lair:5   | Reached XP level 13. HP: 79/79 MP: 19/19
 16245 | Lair:5   | Reached skill level 1 in Fighting
 16716 | Lair:5   | Found a staircase to the Swamp.
 17108 | Lair:6   | Reached skill level 18 in Hexes
 17427 | Lair:6   | Noticed Nergalle
 17433 | Lair:6   | Killed Nergalle
 17538 | Lair:6   | Found a staircase to the Snake Pit.
 18160 | Lair:7   | Found a staircase to the Slime Pits.
 18184 | Lair:7   | Learned a level 6 spell: Invisibility
 18426 | Lair:7   | Reached skill level 5 in Fighting
 18941 | Lair:8   | Entered Level 8 of the Lair of Beasts
 19178 | Lair:8   | Reached XP level 14. HP: 100/100 MP: 10/22
 19638 | Lair:8   | Got a crude falchion
 19639 | Lair:8   | Identified the +4 falchion of the Fray {holy, Str+2 Int+2} (You found it on level 8 of the Lair of Beasts)
 20157 | Lair:8   | Reached skill level 19 in Hexes
 20887 | D:11     | Found Veomowivea's General Store.
 21109 | D:11     | Found Quxto's Assorted Antiques.
 21133 | D:11     | Bought a glowing wooden wand for 164 gold pieces
 21372 | D:11     | Found a snail-covered altar of Cheibriados.
 21390 | D:11     | Found Inoagust's General Store.
 21556 | D:11     | Bought a scroll of enchant weapon for 82 gold pieces
 21594 | D:11     | Bought a scroll of identify for 30 gold pieces
 21673 | D:11     | Bought 3 scrolls of identify for 246 gold pieces
 22197 | D:11     | Reached skill level 5 in Dodging
 22725 | D:12     | Found a staircase to the Orcish Mines.
 22786 | D:12     | Reached XP level 15. HP: 108/108 MP: 22/28
 22791 | D:12     | Learned a level 3 spell: Dazzling Spray
 22794 | D:12     | Learned a level 2 spell: Blink
 22797 | D:12     | Learned a level 2 spell: Repel Missiles
 23071 | D:12     | Identified a scroll of acquirement
 23120 | D:12     | Got a brightly glowing cloak
 23121 | D:12     | Identified the +2 cloak of Pessimism {Slay+5} (You acquired it on level 12 of the Dungeon)
 23275 | D:13     | Found a gate to the Vaults.
 23275 | D:13     | Noticed Rupert
 23275 | D:13     | Noticed Donald
 23275 | D:13     | Noticed Norris
 23781 | D:12     | Killed Norris
 23813 | D:13     | Killed Rupert
 24012 | D:14     | Found a frozen archway.
 24059 | IceCv    | Entered an ice cave
 24511 | IceCv    | Learned a level 1 spell: Apportation
 24913 | D:14     | Reached skill level 1 in Armour
 24913 | D:14     | Reached skill level 20 in Stealth
 25064 | D:14     | Reached XP level 16. HP: 115/115 MP: 29/29
 25202 | D:14     | Found Kaed's General Store.
 25209 | D:14     | Bought a potion of mutation for 42 gold pieces
 25209 | D:14     | Bought 2 potions of brilliance for 85 gold pieces
 25209 | D:14     | Bought a potion of heal wounds for 51 gold pieces
 25209 | D:14     | Bought a scroll of acquirement for 884 gold pieces
 25381 | D:15     | Entered Level 15 of the Dungeon
 25641 | D:15     | Noticed Sonja
 25649 | D:15     | Killed Sonja
 25708 | D:15     | Found a staircase to the Depths.
 26593 | Swamp:1  | Entered Level 1 of the Swamp
 26625 | Swamp:1  | Noticed Nikola
 26716 | Swamp:1  | Reached skill level 1 in Charms
 26826 | Swamp:1  | Noticed Roxanne
 26870 | Swamp:1  | Killed Nikola
 27112 | Swamp:2  | Got a pair of jewelled gloves
 27113 | Swamp:2  | Identified the +1 pair of gloves "Geohaev" {Dex+3 Slay+6} (You found it on level 2 of the Swamp)
 27178 | Swamp:2  | Found a shimmering altar of Xom.
 27933 | Swamp:1  | Found a white marble altar of Elyvilon.
 28052 | Swamp:1  | Reached skill level 5 in Charms
 28567 | Swamp:3  | Got a crude leather armour
 28572 | Swamp:3  | Identified the cursed -3 leather armour of Puinn {Str+4 Dex+3} (You found it on level 3 of the Swamp)
 28597 | Swamp:3  | Reached skill level 21 in Stealth
 29319 | Swamp:4  | Noticed a tentacled monstrosity
 29328 | Swamp:4  | Killed a tentacled monstrosity
 29805 | Swamp:5  | Entered Level 5 of the Swamp
 30047 | Swamp:5  | Reached XP level 17. HP: 120/120 MP: 30/30
 30565 | Swamp:5  | Noticed a bone dragon
 30582 | Swamp:5  | Killed a bone dragon
 30657 | Swamp:5  | Got a decaying rune of Zot
 30994 | Snake:1  | Entered Level 1 of the Snake Pit
 31153 | Snake:1  | Noticed Snorg
 31161 | Snake:1  | Killed Snorg
 31180 | Snake:1  | Found an opulent altar of Gozag.
 31208 | Snake:1  | Reached skill level 10 in Charms
 31213 | Snake:1  | Reached skill level 22 in Stealth
 31295 | Snake:1  | Noticed Aizul
 31317 | Snake:1  | Killed Aizul
 31638 | Snake:2  | Found Fruefral's Magic Scroll Boutique.
 31649 | Snake:2  | Bought a scroll of recharging for 123 gold pieces
 31649 | Snake:2  | Bought a scroll of teleportation for 39 gold pieces
 31649 | Snake:2  | Bought a scroll of identify for 26 gold pieces
 31649 | Snake:2  | Bought a scroll of identify for 26 gold pieces
 31649 | Snake:2  | Bought a scroll of identify for 26 gold pieces
 31649 | Snake:2  | Bought a scroll of enchant armour for 97 gold pieces
 31649 | Snake:2  | Bought a scroll of recharging for 123 gold pieces
 33415 | Snake:5  | Entered Level 5 of the Snake Pit
 33423 | Snake:5  | Shot with an arrow by a naga sharpshooter

Action                   |  1- 3 |  4- 6 |  7- 9 | 10-12 | 13-15 | 16-18 || total
-------------------------+-------+-------+-------+-------+-------+-------++-------
Melee: Dagger            |    98 |   264 |   216 |   153 |       |       ||   731
       Cutlass           |       |       |    13 |   545 |  1237 |   911 ||  2706
 Cast: Corona            |     5 |    14 |     1 |       |       |     4 ||    24
       Ensorcelled Hiber |    16 |    20 |    68 |   135 |    52 |    55 ||   346
       Confuse           |       |    12 |    17 |    13 |     9 |    17 ||    68
       Enslavement       |       |       |     7 |     9 |    17 |    13 ||    46
       Invisibility      |       |       |       |       |    14 |    15 ||    29
       Sure Blade        |       |       |       |       |     2 |    10 ||    12
       Dazzling Spray    |       |       |       |       |    11 |     2 ||    13
       Repel Missiles    |       |       |       |       |     2 |     2 ||     4
       Apportation       |       |       |       |       |       |     3 ||     3
Invok: Call Merchant     |       |       |       |       |       |     2 ||     2
 Abil: End Transformatio |       |       |       |     1 |       |       ||     1
       Bat Form          |       |       |       |     1 |       |       ||     1
Evoke: Wand              |       |     1 |     1 |     6 |    20 |     4 ||    32
  Use: Potion            |     1 |     5 |     5 |     5 |     7 |     3 ||    26
       Scroll            |       |     6 |     9 |    10 |    27 |    17 ||    69
 Stab: Sleeping          |    19 |    32 |    84 |   165 |   171 |   152 ||   623
       Distracted        |       |     1 |     3 |     2 |    11 |     3 ||    20
       Confused          |       |    15 |    16 |    11 |     5 |     9 ||    56
       Betrayed ally     |       |       |       |     1 |     2 |     1 ||     4
       Invisible         |       |       |       |       |    26 |    35 ||    61
